 Dungeon Crawl Stone Soup version 0.30-a0-1016-gfb0d676c02 (webtiles) character file.

Game seed: 17370629556975672592

759 ThatPearl the Cleaver (level 7, -2/62 HPs)
             Began as a Hill Orc Monk on Apr 6, 2023.
             Was a Believer of Beogh.
             Slain by a wyvern (6 damage)
             ... on level 5 of the Dungeon.
             The game lasted 00:09:17 (4728 turns).

ThatPearl the Cleaver (Hill Orc Monk)               Turns: 4728, Time: 00:09:18

Health: -2/62      AC:  5    Str: 16    XL:     7   Next: 80%
Magic:  10/10      EV:  9    Int: 10    God:    Beogh [**....]
Gold:   21         SH:  9    Dex: 13    Spells: 6/6 levels left

rFire   . . .      SeeInvis .    h - +0 war axe
rCold   . . .      Faith    .    q - +2 kite shield
rNeg    . . .      Spirit   .    w - +0 ring mail
rPois   .          Reflect  .    (no helmet)
rElec   .          Rampage  .    (no cloak)
rCorr   .                        (no gloves)
Will    .....                    (no boots)
Stlth   +                        (no amulet)
HPRegen 0.30/turn                (no ring)
MPRegen 0.12/turn                (no ring)

@: no status effects
A: no striking features
a: Renounce Religion, Smiting


You were on level 5 of the Dungeon.
You worshipped Beogh.
Beogh was pleased with you.
You visited 1 branch of the dungeon, and saw 5 of its levels.

You collected 219 gold pieces.
You spent 198 gold pieces at shops.

Inventory:

Hand Weapons
 h - a +0 war axe (weapon)
 p - a +1 scythe of flaming
 t - a +2 spear of freezing
Missiles
 l - 12 poisoned darts (quivered)
Armour
 q - a +2 kite shield (worn)
 w - a +0 ring mail (worn)
Wands
 n - a wand of roots (7)
Scrolls
 a - a scroll of acquirement {unknown}
 d - 4 scrolls of identify
 f - 4 scrolls of teleportation
 i - a scroll of magic mapping {unknown}
 j - a scroll of enchant weapon {unknown}
 k - 2 scrolls of torment {unknown}
 r - a scroll of amnesia {unknown}
Potions
 b - a potion of brilliance {unknown}
 c - 2 potions of ambrosia
 e - a potion of berserk rage
 g - 2 potions of might
 o - 2 potions of curing
 s - a potion of mutation {unknown}
 u - a potion of heal wounds
 v - a potion of attraction


   Skills:
 + Level 5.9 Fighting
 * Level 8.3 Axes
 - Level 3.0 Armour
 - Level 2.4 Dodging
 - Level 1.5 Stealth
 + Level 1.1 Shields
 * Level 4.3 Invocations


You had 6 spell levels left.
You didn't know any spells.
Your spell library contained the following spells:

 Spells                   Type           Power      Damage    Failure   Level
 Necrotise                Necr           0%         1d4       94%         1
 Vampiric Draining        Necr           0%         2d6       100%        3
 Agony                    Necr           0%         N/A       100%        5


Dungeon Overview and Level Annotations

Branches:
Dungeon (5/15)
 Temple: D:4-7

Altars:
Yredelemnul

Shops:
D:1 ?   D:3 [   D:4 !

Annotations:
D:5 Dowan


Message History

The wyvern barely misses you. You block the wyvern's attack.
You hit the wyvern but do no damage.
The wyvern is moderately wounded.
You block the wyvern's attack. The wyvern bites you.
You barely miss the wyvern.
The wyvern is moderately wounded.
The wyvern barely misses you. The wyvern bites you!
You slash the wyvern!
The wyvern is severely wounded.
You block the wyvern's attack.
The wyvern bites you but does no damage.
You barely miss the wyvern.
The wyvern is severely wounded.
The wyvern closely misses you. The wyvern barely misses you.
You closely miss the wyvern.
The wyvern is severely wounded.
The wyvern closely misses you.
You hit the wyvern but do no damage.
The wyvern is heavily wounded.
The wyvern bites you! The wyvern barely misses you.
You completely miss the wyvern.
The wyvern is heavily wounded.
The wyvern bites you! x2
* * * LOW HITPOINT WARNING * * *
You hit the wyvern but do no damage.
The wyvern is heavily wounded.
The wyvern bites you.
* * * LOW HITPOINT WARNING * * *
You block the wyvern's attack.
You hit the wyvern.
The wyvern is heavily wounded.
The wyvern barely misses you. You block the wyvern's attack.
You slash the wyvern!
The wyvern is almost dead.
The wyvern barely misses you. The wyvern bites you.
* * * LOW HITPOINT WARNING * * *
You closely miss the wyvern.
The wyvern is almost dead.
The wyvern bites you.
You die...

#.. ....
.....
####....??
#...l....e
#.##......
#.# ..... #l#
....
#@########
#......#
######.##
#....# #.#..#
#....#
#.#####.#
#.....#.#
#########.#.#


You could see a wyvern.

Vanquished Creatures
  Sigmund (D:4)
  An ogre (D:4)
  A scorpion (D:4)
  A howler monkey (D:4)
  A bullfrog zombie (D:4)
  A gnoll bouda (D:4)
  A jelly (D:3)
  An orc priest (D:4)
  A hound (D:4)
  An orc wizard (D:4)
  2 iguanas (D:4)
  8 gnolls
  3 adders
  An ufetubus (D:4)
  An adder zombie (D:4)
  A worm (D:3)
  A dart slug (D:4)
  10 orcs
  6 bats
  10 endoplasms
  3 giant cockroaches
  4 goblins
  5 hobgoblins
  3 jackals (D:4)
  3 quokkas
  9 ball pythons
  3 frilled lizards
  5 kobolds
  6 rats
94 creatures vanquished.

Notes
Turn   | Place    | Note
-------+----------+-------------------------------------------
     0 | D:1      | ThatPearl the Hill Orc Monk began the quest for the Orb.
     0 | D:1      | Reached XP level 1. HP: 19/19 MP: 1/1
   361 | D:1      | Reached XP level 2. HP: 17/27 MP: 2/2
   813 | D:1      | Reached skill level 5 in Axes
   862 | D:1      | Found Jeihyuj's Magic Scroll Shoppe.
   870 | D:1      | Bought a scroll of teleportation for 33 gold pieces
   870 | D:1      | Bought a scroll of identify for 22 gold pieces
   882 | D:1      | Reached XP level 3. HP: 33/33 MP: 3/3
  1193 | D:2      | Found a faded altar of an unknown god.
  1808 | D:3      | Found Macvakui's Antique Armour Shop.
  1845 | D:3      | Reached XP level 4. HP: 39/41 MP: 4/4
  1951 | D:3      | Reached skill level 6 in Axes
  2094 | D:3      | Became a worshipper of Beogh the Brigand
  2094 | D:3      | Reached * piety under Beogh
  2094 | D:3      | Reached ** piety under Beogh
  2148 | D:3      | Reached skill level 1 in Armour
  2148 | D:3      | Reached XP level 5. HP: 44/47 MP: 5/5
  2580 | D:4      | Reached skill level 5 in Fighting
  2585 | D:4      | Noticed Sigmund
  2821 | D:4      | Reached skill level 7 in Axes
  2821 | D:4      | Reached XP level 6. HP: 33/56 MP: 6/6
  3172 | D:4      | Reached skill level 1 in Invocations
  3532 | D:4      | Killed Sigmund
  3533 | D:4      | Reached skill level 8 in Axes
  3533 | D:4      | Reached XP level 7. HP: 62/62 MP: 7/9
  4246 | D:4      | Found Seraf's Distillery.
  4252 | D:4      | Bought a potion of curing for 39 gold pieces
  4252 | D:4      | Bought a potion of heal wounds for 65 gold pieces
  4252 | D:4      | Bought a potion of attraction for 39 gold pieces
  4501 | D:4      | Reached skill level 1 in Shields
  4593 | D:4      | Found a basalt altar of Yredelemnul.
  4620 | D:5      | Entered Level 5 of the Dungeon
  4708 | D:5      | Noticed a wyvern
  4709 | D:5      | Noticed Dowan
  4725 | D:5      | HP: 3/62 [wyvern (3)]
  4728 | D:5      | Slain by a wyvern

Illustrated notes

Levels and vault maps discovered:
D:1:      sevenhm_arrival_forest_fort_small_5, layout_loops_corners,
          serial_shops, shop_statue, minmay_domino_4
D:2:      layout_loops_ring, chequers_ecumenical_altar_simple_redux
D:3:      layout_loops_cross, serial_shops, shop, nrook_mini_backslash
D:4:      layout_loops_ring, lemuel_zombie_altar_yredelemnul, serial_shops,
          nicolae_shop_statue_plus, minmay_cupped, uniq_sigmund
D:5:      layout_basic, fountainhead, uniq_duvessa, uniq_edmund,
          uniq_blork_the_orc

Skill      XL: |  1  2  3  4  5  6  7 |
---------------+----------------------+-----
Fighting       | 4 5 |  5.9
Axes           | 5 6 7 8 |  8.3
Armour         | 1 2 3 |  3.0
Invocations    | 3 4 |  4.3
Shields        | 1 |  1.1
Dodging        | |  2.4
Stealth        | |  1.5

Action                     |  1- 3 |  4- 6 |  7- 9 || total
---------------------------+-------+-------+-------++-------
  Melee: Hand axe          |    72 |       |       ||    72
         Punch             |     2 |       |     1 ||     3
         War axe           |    36 |   129 |    88 ||   253
  Throw: Dart              |       |       |     1 ||     1
 Invoke: Convert to Beogh  |       |     1 |       ||     1
         Smiting           |       |     2 |     1 ||     3
    Use: Scroll            |     3 |       |       ||     3
         Potion            |       |     1 |       ||     1
   Stab: Sleeping          |     9 |     1 |     1 ||    11
 Armour: Robe              |    11 |     1 |       ||    12
         Leather armour    |       |    30 |     5 ||    35
         Ring mail         |       |       |     6 ||     6
  Dodge: Dodged            |    69 |    72 |    38 ||   179
  Block: Kite shield       |       |       |    27 ||    27

Table legend: (Time is in decaauts)
 A = Elapsed time spent in this place.
 B = Non-inter-level travel time spent in this place.
 C = Inter-level travel time spent in this place.
 D = Time resting spent in this place.
 E = Time spent auto-exploring this place.
 F = Levels seen in this place.
 G = Mean time per level.
                   A        B        C        D        E       F      G
               +--------+--------+--------+--------+--------+-----+--------+
         Total |   4800 |   4598 |    202 |    711 |   2951 |   5 |  960.0 |
       Dungeon |   4800 |   4598 |    202 |    711 |   2951 |   5 |  960.0 |
               +--------+--------+--------+--------+--------+-----+--------+

Top non-repeatable levels by time:
     D:3: 1530 daAuts
     D:4: 1446 daAuts
     D:1: 1135 daAuts
     D:2: 573 daAuts
     D:5: 114 daAuts
